 Dungeon Crawl Stone Soup version 0.26-a0-505-g732bf3b8d2 (webtiles) character file.

Game seed: 6225409004993919900

475 Conn the Magician (level 7, -1/42 HPs)
             Began as an Octopode Hedge Wizard on Aug 9, 2020.
             Killed by divine providence
             ... invoked by an orc priest
              (13 damage)
             ... on level 5 of the Dungeon.
             The game lasted 00:12:19 (4004 turns).

Conn the Magician (Octopode Hedge Wizard)           Turns: 4004, Time: 00:12:20

Health: -1/42      AC:  1    Str:  6 (9)  XL:     7   Next: 10%
Magic:  7/14       EV: 13    Int: 17 (19) God:
Gold:   316        SH:  0    Dex:  8 (11) Spells: 5/16 levels left

rFire    . . .     SeeInvis .   l - +4 quarterstaff (chaos)
rCold    . . .     Faith    .   (shield currently unavailable)
rNeg     . . .     Spirit   .   b - +0 hat
rPois    .         Reflect  .   (no amulet)
rElec    .         Harm     .   g - ring of wizardry
rCorr    +                      j - ring of resist corrosion
MR       .....                  (no ring)
Stlth    +++.......             (no ring)
HPRegen  0.14/turn              (no ring)
MPRegen  0.14/turn              (no ring)
                                (no ring)
                                (no ring)

@: flying
A: almost no armour, stealthy swim, amphibious, 8 rings, constrict 8, camouflage
1, gelatinous body 1
a: no special abilities


You were on level 5 of the Dungeon.
You visited 1 branch of the dungeon, and saw 5 of its levels.

You collected 316 gold pieces.

Inventory:

Hand Weapons
 a - a +0 dagger
 f - a +0 short sword
 l - a +4 quarterstaff of chaos (weapon)
Missiles
 k - 8 curare-tipped darts (quivered)
Armour
 b - a +0 hat (worn)
Jewellery
 g - a ring of wizardry (left tentacle)
 j - a ring of resist corrosion (right tentacle)
Wands
 m - a wand of polymorph (8)
 q - a wand of acid (6)
Scrolls
 c - 2 scrolls of teleportation
 e - 5 scrolls of remove curse {unknown}
 h - 8 scrolls of identify {unknown}
 n - 2 scrolls of fear {unknown}
 o - a scroll of magic mapping {unknown}
 p - 2 scrolls of immolation {unknown}
 s - 2 scrolls of enchant armour {unknown}


   Skills:
 + Level 0.6 Fighting
 + Level 1.0 Short Blades
 + Level 1.5 Staves
 + Level 0.1 Throwing
 + Level 2.2 Dodging
 + Level 4.6 Stealth
 * Level 5.2 Spellcasting
 * Level 2.7 Conjurations
 + Level 1.2 Summonings
 * Level 2.4 Translocations


You had 5 spell levels left.
You knew the following spells:

 Your Spells              Type           Power        Failure   Level
a - Magic Dart            Conj           ##..         1%          1
b - Blink                 Tloc           N/A          3%          2
c - Call Imp              Summ           #.......     5%          2
d - Conjure Flame         Conj/Fire      #.......     10%         3
e - Mephitic Cloud        Conj/Pois/Air  #.......     12%         3

Your spell library contained the following spells:

 Spells                   Type           Power        Failure   Level
 Slow                     Hex            #.......     9%          2


Dungeon Overview and Level Annotations

Branches:
Dungeon (5/15)
 Temple: D:4-7

Altars:
Cheibriados

Annotations:
D:5 Dowan, Duvessa


Innate Abilities, Weirdness & Mutations

You cannot wear most types of armour.
You are very stealthy in the water. (Stealth+)
You are amphibious.
You can wear up to eight rings at the same time.
You can use your tentacles to constrict eight enemies at once.
Your skin changes colour to match your surroundings (Stealth+).
Your rubbery body absorbs attacks. (AC +1, EV +1)


Message History

An orc and an orc priest come into view.
The orc is wielding a +0 hand axe and quivering 5 silver boomerangs.
The orc priest shouts!
The orc shouts!
You hit the orc priest.
Space warps horribly around the orc priest.
You grab the orc priest.
The orc priest is moderately wounded.
You constrict the orc priest, but do no damage.
The orc priest barely misses you.
You hit the orc priest.
The orc priest is poisoned.
The orc priest is heavily wounded.
You constrict the orc priest. The orc priest misses you.
The orc priest hits you with a +0 dagger.
* * * LOW HITPOINT WARNING * * *
You hit the orc priest.
The orc priest is severely wounded.
You constrict the orc priest, but do no damage.
The orc priest invokes the aid of Beogh against you.
Beogh smites you!
You die...

###
...
#.#
#.#
#.#
#.#
#@#
#o#
#o#
#.#
#.#
#.#
#.#
#.#


You could see an orc priest (very poisoned) and an orc.

Vanquished Creatures
  Menkaure (D:5)
  A jelly (D:4)
  A bullfrog skeleton (D:4)
  2 orc wizards
  3 worker ants
  A gnoll (D:3)
  An adder (D:2)
  An ooze (D:1)
  5 worms
  2 dart slugs
  3 leopard geckos
  10 orcs
  A ball python (D:1)
  2 giant cockroaches (D:1)
  9 goblins
  8 hobgoblins
  4 jackals (D:5)
  9 bats
  2 frilled lizards
  9 kobolds
  2 leopard gecko skeletons
  5 rats
82 creatures vanquished.

Vanquished Creatures (collateral kills)
  Crazy Yiuf (D:2)
  Terence (D:3)
  The ghost of Renjy the Chiller, a weakling DsIE (D:4)
  2 gnolls (D:3)
  A frilled lizard (D:3)
6 creatures vanquished.

Grand Total: 88 creatures vanquished

Notes
Turn   | Place    | Note
-------+----------+-------------------------------------------
     0 | D:1      | Conn the Octopode Hedge Wizard began the quest for the Orb.
     0 | D:1      | Reached XP level 1. HP: 11/11 MP: 4/4
   263 | D:1      | Reached XP level 2. HP: 15/17 MP: 6/6
   436 | D:1      | Learned a level 2 spell: Blink
   439 | D:1      | Learned a level 2 spell: Call Imp
   690 | D:1      | Reached XP level 3. HP: 21/21 MP: 8/8
  1239 | D:2      | Learned a level 3 spell: Conjure Flame
  1763 | D:2      | Reached XP level 4. HP: 27/27 MP: 5/9
  1816 | D:2      | Found a runed translucent door.
  1817 | D:2      | Noticed Crazy Yiuf
  1906 | D:2      | Killed Crazy Yiuf
  2158 | D:3      | Reached skill level 1 in Short Blades
  2158 | D:3      | Reached skill level 4 in Spellcasting
  2323 | D:3      | Reached XP level 5. HP: 30/31 MP: 1/11
  2350 | D:3      | Learned a level 3 spell: Mephitic Cloud
  2485 | D:3      | Found a snail-covered altar of Cheibriados.
  2825 | D:3      | Noticed Terence
  2836 | D:3      | Killed Terence
  3411 | D:4      | Found a runed translucent gate.
  3411 | D:4      | Found a runed translucent gate.
  3413 | D:4      | Found a runed translucent gate.
  3415 | D:4      | Noticed Renjy's ghost (weakling DsIE)
  3431 | D:4      | Reached XP level 6. HP: 36/36 MP: 2/13
  3443 | D:4      | Killed Renjy's ghost
  3616 | D:4      | Reached skill level 5 in Spellcasting
  3849 | D:5      | Entered Level 5 of the Dungeon
  3923 | D:5      | Noticed Menkaure
  3990 | D:5      | Killed Menkaure
  3990 | D:5      | Reached skill level 1 in Staves
  3990 | D:5      | Reached XP level 7. HP: 42/42 MP: 14/14
  3995 | D:5      | Noticed Dowan
  3997 | D:5      | Noticed Duvessa
  4004 | D:5      | Killed from afar by an orc priest

Illustrated notes

Levels and vault maps discovered:
D:1:      saegor_arrival_under_anarchy, layout_rooms, grunt_decor_arrowhead
D:2:      layout_rooms, uniq_crazy_yiuf_cottage
D:3:      layout_rooms, kennysheep_slug_shrine, serial_glass, glass_columns_a,
          glass_columns_a, minmay_misc_feat_diagonals, uniq_terence
D:4:      layout_rooms, gammafunk_ghost_split
D:5:      layout_basic, uniq_menkaure, uniq_edmund, uniq_duvessa

Skill      XL: |  1  2  3  4  5  6 |
---------------+-------------------+-----
Stealth        | 3 4 |  4.6
Short Blades   | 1 |  1.0
Spellcasting   | 4 5 |  5.2
Conjurations   | 2 |  2.7
Translocations | 2 |  2.4
Staves         | 1 |  1.5
Fighting       | |  0.6
Throwing       | |  0.1
Dodging        | |  2.2
Summonings     | |  1.2

Action                   |  1- 3 |  4- 6 |  7- 9 || total
-------------------------+-------+-------+-------++-------
Melee: Short sword       |    49 |       |       ||    49
       Dagger            |     3 |       |       ||     3
       Tentacles         |     8 |     9 |     1 ||    18
       Constrict         |    10 |    13 |     1 ||    24
       Quarterstaff      |       |    63 |     5 ||    68
Throw: Dart              |       |     2 |       ||     2
 Cast: Magic Dart        |    42 |    56 |       ||    98
       Call Imp          |       |    12 |       ||    12
       Conjure Flame     |       |     1 |       ||     1
       Mephitic Cloud    |       |       |     2 ||     2
       Blink             |       |       |     1 ||     1
  Use: Potion            |       |     4 |     1 ||     5
       Scroll            |       |       |     1 ||     1
 Stab: Sleeping          |     6 |     9 |       ||    15
Armor: Skin              |     3 |     5 |       ||     8
Dodge: Dodged            |    36 |    46 |     2 ||    84

Table legend: (Time is in decaauts)
 A = Elapsed time spent in this place.
 B = Non-inter-level travel time spent in this place.
 C = Inter-level travel time spent in this place.
 D = Time resting spent in this place.
 E = Time spent auto-exploring this place.
 F = Levels seen in this place.
 G = Mean time per level.
                   A        B        C        D        E       F      G
               +--------+--------+--------+--------+--------+-----+--------+
         Total |   4024 |   3937 |     87 |   1315 |   1631 |   5 |  804.8 |
       Dungeon |   4024 |   3937 |     87 |   1315 |   1631 |   5 |  804.8 |
               +--------+--------+--------+--------+--------+-----+--------+

Top non-repeatable levels by time:
     D:1: 1235 daAuts
     D:3: 1187 daAuts
     D:2: 726 daAuts
     D:4: 715 daAuts
     D:5: 159 daAuts
